 Dungeon Crawl Stone Soup version 0.19.0-22-gd96e5fe (webtiles) character file.

606 vev the Ducker (level 7, -3/52 HPs)
             Began as a Vampire Gladiator on Nov 19, 2016.
             Was an Initiate of Makhleb.
             Slain by Crazy Yiuf
             ... wielding a +3 quarterstaff of chaos
              (5 damage)
             ... on level 4 of the Dungeon.
             The game lasted 00:05:05 (3658 turns).

vev the Ducker (Vampire Gladiator)                  Turns: 3658, Time: 00:05:06

Health: -3/52      AC:  7    Str: 11 (14) XL:     7   Next: 19%
Magic:  1/7        EV: 14    Int: 13 (15) God:    Makhleb [......]
Gold:   95         SH:  4    Dex: 14 (15) Spells: 0 memorised, 6 levels left

rFire  . . .     SeeInvis +     a - +0 war axe
rCold  . . .     Gourm    .     b - +0 leather armour
rNeg   + . .     Faith    +     (no shield)
rPois  .         Spirit   .     c - +0 helmet
rElec  .         Reflect  .     (no cloak)
rCorr  .         Harm     .     q - +2 pair of gloves
MR     .....                    (no boots)
Stlth  +.........               i - amulet of faith
                                (no ring)
                                (no ring)

@: brilliant
A: fangs 3, large bone plates 1, see invisible, weak 1, unbreathing, MP-powered
wands
a: Bat Form, Renounce Religion


You were on level 4 of the Dungeon.
You worshipped Makhleb.
Makhleb was noncommittal.
You were not thirsty.

You visited 2 branches of the dungeon, and saw 5 of its levels.

You collected 95 gold pieces.

Inventory:

Hand Weapons
 a - a +0 war axe (weapon)
Armour
 b - a +0 leather armour (worn)
 c - a +0 helmet (worn)
 q - a +2 pair of gloves (worn)
Jewellery
 i - an amulet of faith (around neck)
Wands
 h - a wand of digging (10/24)
 l - a wand of random effects (20/48)
 n - a wand of lightning (3/15)
Scrolls
 m - 4 scrolls of identify {unknown}
Potions
 e - 21 potions of blood


   Skills:
 + Level 3.6 Fighting
 * Level 5.0 Axes
 - Level 1.5 Throwing
 + Level 2.7 Armour
 + Level 5.0 Dodging


You had 6 spell levels left.
You didn't know any spells.

Dungeon Overview and Level Annotations

Branches:
Dungeon (4/15)             Temple (1/1) D:4

Altars:
Ashenzari
Elyvilon
Fedhas
Gozag
Hepliaklqana
Kikubaaqudgha
Makhleb
Nemelex Xobeh
Qazlal
Ru
Sif Muna
Trog
Uskayaw
Vehumet
Xom
Zin
The Shining One

Annotations:
D:4 Crazy Yiuf


Innate Abilities, Weirdness & Mutations

You have razor-sharp teeth.
You have supernaturally acute eyesight. (SInv)
You can survive without breathing.
You are partially covered in large bone plates. (SH +4)
You are weak. (Str -2)
You expend magic power (3 MP) to strengthen your wands.


Message History

Unknown command.
Okay, then.
You hit Crazy Yiuf.
Crazy Yiuf is severely wounded.
Crazy Yiuf barely misses you.
You hit Crazy Yiuf.
Crazy Yiuf is almost dead.
Crazy Yiuf hits you but does no damage.
You hit Crazy Yiuf but do no damage.
Crazy Yiuf is almost dead.
Crazy Yiuf hits you with a quarterstaff of chaos.
* * * LOW HITPOINT WARNING * * *
You hit Crazy Yiuf but do no damage. Your bite misses Crazy Yiuf.
Crazy Yiuf is almost dead.
Crazy Yiuf closely misses you.
Crazy Yiuf whimpers, "Nubble shoe down!"
Crazy Yiuf hits you with a quarterstaff of chaos!
* * * LOW HITPOINT WARNING * * *
Crazy Yiuf burns you.
You die...

###### *#### ##....##
###..)# #......####.'..(#
###########......g#..##...#
............#...@#.###*####
#########...######## .#
#.......## .###.####..#
.....####.## .##....##.##
.#...#.....# ...######..#
.###.......#


You could see Crazy Yiuf.

Vanquished Creatures
  Grinder (D:3)
  Sigmund (D:2)
  A hound (D:4)
  Natasha (thrice) (D:3)
  A hound skeleton (D:4)
  4 adders
  A worm (D:2)
  A dart slug (D:2)
  2 leopard geckos
  4 orcs (D:3)
  5 giant cockroaches
  15 hobgoblins
  2 jackals (D:1)
  A quokka (D:3)
  2 ball pythons
  12 bats
  4 frilled lizards
  12 goblins
  6 kobolds
  7 rats
85 creatures vanquished.

Notes
Turn   | Place    | Note
-------+----------+-------------------------------------------
     0 | D:1      | vev the Vampire Gladiator began the quest for the Orb.
     0 | D:1      | Reached XP level 1. HP: 16/16 MP: 1/1
    93 | D:1      | Reached skill level 2 in Fighting
   240 | D:1      | Reached XP level 2. HP: 22/22 MP: 2/2
   352 | D:1      | Reached skill level 3 in Axes
   706 | D:2      | Reached skill level 1 in Armour
   902 | D:2      | Found a white marble altar of Elyvilon.
   904 | D:2      | Found a glowing silver altar of Zin.
   945 | D:2      | Reached XP level 3. HP: 28/28 MP: 3/3
  1395 | D:2      | Noticed Sigmund
  1410 | D:2      | Killed Sigmund
  1410 | D:2      | Reached skill level 4 in Axes
  1410 | D:2      | Reached skill level 2 in Armour
  1410 | D:2      | Reached skill level 4 in Dodging
  1410 | D:2      | Reached XP level 4. HP: 9/34 MP: 4/4
  1410 | D:2      | Reached XP level 5. HP: 11/40 MP: 5/5
  1875 | D:2      | Reached skill level 3 in Fighting
  1961 | D:3      | Noticed Grinder
  1970 | D:3      | Gained mutation: You are weak. (Str -2) [potion of mutation]
  1970 | D:3      | Gained mutation: You are partially covered in large bone plates. (SH +4) [potion of mutation]
  1970 | D:3      | Gained mutation: You expend magic power (3 MP) to strengthen your wands. [potion of mutation]
  1991 | D:3      | Paralysed by Grinder for 4 turns
  2010 | D:3      | Paralysed by Grinder for 6 turns
  2022 | D:3      | Paralysed by Grinder for 5 turns
  2030 | D:3      | Paralysed by Grinder for 3 turns
  2035 | D:3      | Paralysed by Grinder for 7 turns
  2052 | D:3      | Paralysed by Grinder for 3 turns
  2053 | D:3      | HP: 1/41 [Grinder (8)]
  2058 | D:3      | Killed Grinder
  2058 | D:3      | Reached XP level 6. HP: 2/47 MP: 6/6
  2339 | D:3      | Noticed Natasha
  2345 | D:3      | Killed Natasha
  2916 | D:3      | Found a shattered altar of Ashenzari.
  2922 | D:3      | Noticed Natasha
  2929 | D:3      | Killed Natasha
  2929 | D:3      | Reached XP level 7. HP: 47/52 MP: 7/7
  2958 | D:3      | Reached skill level 5 in Dodging
  3127 | D:3      | Noticed Natasha
  3139 | D:3      | Killed Natasha
  3199 | D:4      | Found a staircase to the Ecumenical Temple.
  3242 | D:4      | Found a runed door.
  3274 | D:4      | Reached skill level 5 in Axes
  3322 | Temple   | Entered the Ecumenical Temple
  3585 | Temple   | Became a worshipper of Makhleb the Destroyer
  3633 | D:4      | Noticed Crazy Yiuf
  3658 | D:4      | HP: 2/52 [Crazy Yiuf/quarterstaff of chaos (11)]
  3658 | D:4      | Slain by Crazy Yiuf

Skill      XL: |  1  2  3  4  5  6  7 |
---------------+----------------------+-----
Fighting       | 2 3 |  3.6
Axes           | 3 4 5 |  5.0
Armour         | 1 2 |  2.7
Dodging        | 4 5 |  5.0
Throwing       | |  1.5

Action                   |  1- 3 |  4- 6 |  7- 9 || total
-------------------------+-------+-------+-------++-------
Melee: War axe           |    82 |   103 |    56 ||   241
       Bite              |    10 |     8 |     6 ||    24
Throw: Throwing net      |       |     3 |     2 ||     5
Evoke: Wand              |       |       |     2 ||     2
  Use: Potion            |     2 |    15 |     2 ||    19
       Scroll            |       |       |     3 ||     3
 Stab: Sleeping          |     2 |     2 |       ||     4
Armor: Leather armour    |    22 |    28 |    21 ||    71
Dodge: Dodged            |    59 |    72 |    51 ||   182
Block: Other             |       |    14 |    10 ||    24
